 Dungeon Crawl Stone Soup version 0.17.0-9-g801d43b (webtiles) character file.

55 HungrySpirit the Cudgeler (level 3, -1/37 HPs)
             Began as an Ogre Arcane Marksman on Nov 9, 2015.
             Slain by a hobgoblin
             ... wielding a +0 club
              (7 damage)
             ... on level 2 of the Dungeon.
             The game lasted 00:03:01 (1759 turns).

HungrySpirit the Cudgeler (Ogre Arcane Marksman)    Turns: 1759, Time: 00:03:01

Health: -1/37      AC:  3    Str: 17    XL:     3   Next: 93%
Magic:  4/4        EV: 10    Int: 12    God:
Gold:   74         SH:  0    Dex:  9    Spells: 1 memorised, 3 levels left

rFire  . . .     SeeInvis .     i - +0 club
rCold  . . .     Clarity  .     c - +0 robe
rNeg   . . .     SustAt   .     (no shield)
rPois  .         Gourm    .     (helmet restricted)
rElec  .         Spirit   .     (no cloak)
rCorr  .         Warding  .     (gloves unavailable)
rMut   .         Stasis   .     (boots unavailable)
MR     .....                    (no amulet)
Stlth  +.........               (no ring)
                                (no ring)

@: very slightly contaminated, invisible, not resistant to hostile enchantments,
very unstealthy
A: unfitting armour, tough skin 1
a: no special abilities


You were on level 2 of the Dungeon.
You were hungry.

You visited 1 branch of the dungeon, and saw 2 of its levels.

You collected 74 gold pieces.

Inventory:

Hand Weapons
 i - a +0 club (weapon)
Armour
 c - a +0 robe (worn)
Scrolls
 f - a scroll of magic mapping {unknown}
 g - a scroll of amnesia {unknown}
 k - a scroll of identify {unknown}
 l - a scroll of random uselessness {unknown}
 m - a scroll of remove curse {unknown}
 n - a scroll of noise {unknown}
Books
 d - a book of Debilitation

   Spells                             Type                      Level
   a - Corona                         Hexes                        1
   b - Slow                           Hexes                        2
   c - Gell's Gravitas                Hexes/Translocation          3
   d - Inner Flame                    Hexes/Fire                   3
   e - Cause Fear                     Hexes                        4
   f - Leda's Liquefaction            Hexes/Earth                  4
Comestibles
 e - 2 bread rations
 h - a meat ration


   Skills:
 + Level 3.1 Fighting
 * Level 3.3 Maces & Flails
 - Level 2.0 Throwing
 - Level 1.7 Dodging
 - Level 1.2 Spellcasting
 - Level 2.1 Hexes


You had 3 spell levels left.
You knew the following spells:

 Your Spells              Type           Power        Failure   Level  Hunger
a - Corona                Hex            #......      14%         1    ##.....


Dungeon Overview and Level Annotations

Branches:
Dungeon (2/15)

Altars:
Cheibriados
Dithmenos
Gozag
Xom
Zin


Innate Abilities, Weirdness & Mutations

You are too large for most types of armour.
You have tough skin (AC +1).


Message History

You barely miss the hobgoblin. The hobgoblin hits you with a club.
You barely miss the hobgoblin. The hobgoblin closely misses you.
You barely miss the hobgoblin. The hobgoblin hits you with a club.
You barely miss the hobgoblin. The hobgoblin hits you with a club.
You hit the hobgoblin but do no damage. The hobgoblin hits you with a club.
You barely miss the hobgoblin. The hobgoblin hits you with a club.
You barely miss the hobgoblin. The hobgoblin hits you with a club.
You hit the hobgoblin but do no damage. The hobgoblin hits you with a club.
You hit the hobgoblin but do no damage. The hobgoblin barely misses you.
You hit the hobgoblin but do no damage. The hobgoblin hits you with a club.
* * * LOW HITPOINT WARNING * * *
Drink which item? (? for menu, Esc to quit)
It was a potion of invisibility.
You fade into invisibility!
The hobgoblin barely misses you.
You are very lightly contaminated with residual magic.
You barely miss the hobgoblin. The hobgoblin hits you with a club.
* * * LOW HITPOINT WARNING * * *
You hit the hobgoblin but do no damage. The hobgoblin hits you with a club!
You die...

#.###.#######
#.######.# #.
#.#.....# #.#......# #
#.#.....# #.#.########
#.#.....###.#.#.......
#.#.........#.#.####.#
#.....#####.#.# #.#
#.....# #.#.####.#
###.### #.#......# #@#
#.#....<## #g#
#.#......# ....g.(K#
#.#.####.# ...>..###
#.#....#.# ......
#.#.#.##.# .....
#.#.#.##.# .....
#.#.#.##.# ....
#.#.#.##.# ....
#.#.#....#


You could see a hobgoblin and a kobold.

Vanquished Creatures
  2 adders
  A gnoll (D:1)
  A worm (D:2)
  A giant gecko (D:1)
  A ball python (D:1)
  4 bats
  4 giant cockroaches
  A hobgoblin (D:1)
  2 jackals (D:2)
  2 giant newts (D:1)
  3 goblins
  2 kobolds (D:1)
  3 rats (D:1)
27 creatures vanquished.

Notes
Turn   | Place    | Note
--------------------------------------------------------------
     0 | D:1      | HungrySpirit the Ogre Arcane Marksman began the quest for the Orb.
     0 | D:1      | Reached XP level 1. HP: 19/19 MP: 2/2
   203 | D:1      | Reached skill level 1 in Maces & Flails
   237 | D:1      | Reached XP level 2. HP: 22/28 MP: 3/3
   794 | D:1      | Reached XP level 3. HP: 36/36 MP: 4/4
   873 | D:1      | Reached skill level 3 in Fighting
  1153 | D:2      | Found an opulent altar of Gozag.
  1153 | D:2      | Found a glowing silver altar of Zin.
  1178 | D:2      | Found a shadowy altar of Dithmenos.
  1259 | D:2      | Found a snail-covered altar of Cheibriados.
  1287 | D:2      | Found a shimmering altar of Xom.
  1759 | D:2      | Slain by a hobgoblin

Action                   || total
-------------------------++-------
Melee: Club              ||    91
       Unarmed           ||     4
Throw: Large rock        ||    31
       Throwing net      ||     7
  Use: Potion            ||     1
 Stab: Held in net/web   ||     2
  Eat: Chunk             ||     2
